 Dungeon Crawl Stone Soup version 0.25-a0-558-g78a2afb0af (webtiles) character file.

Game seed: 4299577825482570339, levelgen mode: classic

46 EnegeticOcto the Covered (level 3, -2/34 HPs)
             Began as a Deep Dwarf Fighter on Feb 24, 2020.
             Killed by divine providence
             ... invoked by an orc priest
              (11 damage)
             ... on level 3 of the Dungeon.
             The game lasted 00:00:19 (443 turns).

EnegeticOcto the Covered (Deep Dwarf Fighter)        Turns: 443, Time: 00:00:20

Health: -2/34      AC:  6    Str: 20    XL:     3   Next: 46%
Magic:  2/2        EV:  7    Int:  8    God:
Gold:   98         SH:  9    Dex: 12    Spells: 2/2 levels left

rFire    . . .     SeeInvis .   a - +0 war axe
rCold    . . .     Gourm    .   c - +0 kite shield
rNeg     . . .     Faith    .   b - +0 scale mail
rPois    .         Spirit   .   (no helmet)
rElec    .         Reflect  .   (no cloak)
rCorr    .         Harm     .   (no gloves)
MR       .....                  (no boots)
Stlth    ..........             (no amulet)
HPRegen  0.00/turn              (no ring)
MPRegen  0.08/turn              (no ring)

@: lethally poisoned (-2 -> -2), non-regenerating
A: damage resistance, heal wounds, sense surroundings 1, no regeneration
a: Heal Wounds


You were on level 3 of the Dungeon.
You were not hungry.

You visited 1 branch of the dungeon, and saw 3 of its levels.

You collected 98 gold pieces.

Inventory:

Hand Weapons
 a - a +0 war axe (weapon)
Armour
 b - a +0 scale mail (worn)
 c - a +0 kite shield (worn)
Scrolls
 d - a scroll of remove curse {unknown}
 g - a scroll of identify {unknown}
 h - 2 scrolls of enchant armour {unknown}
 i - a scroll of magic mapping {unknown}
Potions
 j - a potion of resistance {unknown}
 k - a potion of might {@q3}
Comestibles
 e - 4 rations
 f - 3 chunks of flesh


   Skills:
 * Level 3.2 Fighting
 * Level 3.0 Axes
 + Level 3.5 Armour
 + Level 1.1 Dodging
 + Level 3.5 Shields


You had 2 spell levels left.
You didn't know any spells.
Your spell library was empty.

Dungeon Overview and Level Annotations

Branches:
Dungeon (3/15)

Altars:
Cheibriados


Innate Abilities, Weirdness & Mutations

You are resistant to damage.
You can heal yourself by infusing magical energy.
You passively map a small area around you.
You do not regenerate.


Message History

The adder bites you.
You are poisoned.
The adder poisons you!
An orc priest comes into view. It is wielding a +0 flail.
You miss the adder.
The adder is lightly wounded.
A bat comes into view.
The adder barely misses you.
The orc priest calls down the wrath of Beogh upon you.
Beogh smites you!
* * * LOW HITPOINT WARNING * * *
You block the adder's attack.
The orc priest mumbles some strange prayers to Beogh against you.
Pain shoots through your body! The orc hits you with a +0 short sword.
You are too injured to fight recklessly!
You are too injured to fight recklessly!
You are too injured to fight recklessly!
You are too injured to fight recklessly!
You are too injured to fight recklessly!
You are too injured to fight recklessly!
You feel much better. The adder bites you. The orc hits you but does no damage.
You block the orc priest's attack. The adder bites you but does no damage.
Your magical essence is drained by the effort!
You feel much better.
The orc priest casts a cantrip, but nothing happens.
The adder bites you. You block the orc's attack.
You block the orc priest's attack.
You closely miss the adder.
The adder is lightly wounded.
You hit the orc. x2; You hit the orc priest.
The adder bites you but does no damage. The orc hits you with a +0 short sword.
The orc priest hits you with a +0 whip. You block the orc's attack.
The orc priest hits you but does no damage.
The adder bites you.
You hit the orc but do no damage.
The orc is almost dead.
You hit the orc priest but do no damage.
You closely miss the orc priest. You barely miss the adder. You hit the orc.
The orc hits you but does no damage. The orc priest barely misses you.
You block the orc's attack. The adder bites you.
You are more poisoned.
The adder poisons you!
The orc priest begins to cast a cantrip, but forgets the words!
You block the orc's attack. The orc barely misses you.
The orc priest hits you but does no damage.
The adder closely misses you.
You hit the orc but do no damage.
The orc is almost dead.
You barely miss the orc. You barely miss the adder.
Your shield and scale mail prevent you from hitting the orc priest.
You slash the orc priest!
The orc priest hits you but does no damage.
The adder barely misses you. The orc hits you with a +0 short sword.
The orc hits you but does no damage.
The orc priest invokes the aid of Beogh against you.
Beogh smites you!
The orc priest looks encouraged for a moment.
The orc priest hits you but does no damage.
You slash the orc!
You kill the orc!
You hit the orc priest but do no damage.
You hit the orc priest. You hit the adder. You hit the orc.
You kill the orc!
The bat hits you but does no damage. The adder bites you but does no damage.
You block the orc priest's attack. The adder bites you but does no damage.
The orc priest hits you but does no damage. x2
You hit the orc priest but do no damage.
The orc priest is severely wounded.
You hit the orc priest. You hit the adder but do no damage.
The bat barely misses you. The adder barely misses you.
The orc priest miscasts a cantrip.
The orc priest invokes the aid of Beogh against you.
Pain shoots through your body! You block the adder's attack.
The orc priest calls upon Beogh to heal the orc priest.
The orc priest is healed somewhat.
The orc priest barely misses you.
You hit the orc priest but do no damage.
The orc priest is almost dead.
You hit the orc priest but do no damage.
You hit the adder. You block the bat's attack.
The adder bites you but does no damage. The bat hits you but does no damage.
The orc priest closely misses you. The adder barely misses you.
The orc priest casts a cantrip, but nothing happens.
You completely miss the orc priest.
The orc priest is almost dead.
You closely miss the adder. You closely miss the bat. You hit the orc priest.
You block the bat's attack. The bat closely misses you.
You block the adder's attack. You block the orc priest's attack.
The orc priest looks braver for a moment.
The adder barely misses you. The orc priest hits you with a +0 whip.
The orc priest mumbles some strange prayers to Beogh against you.
Beogh smites you!
* * * LOW HITPOINT WARNING * * *
You are too injured to fight recklessly!
You are too injured to fight recklessly!
You are too injured to fight recklessly!
You are too injured to fight recklessly!
You fail to use your ability.
You block the bat's attack.
The orc priest calls down the wrath of Beogh upon you.
Beogh smites you!
You die...

* * * * *
##### ###. #
,...#..... *
###.##......#
* #....o@S# ,
* #>#.#)bo..#
, #,##o.### *
#..#* * ....
....., *, * *
, ...... *,
,........, *
* ,* , *


You could see 3 orc priests, an adder and a bat.

Vanquished Creatures
  An adder (D:2)
  A worm (D:2)
  2 orcs (D:3)
  2 giant cockroaches
  2 hobgoblins (D:2)
  6 jackals (D:1)
  4 bats (D:2)
  5 goblins
  3 kobolds (D:1)
  5 rats
31 creatures vanquished.

Notes
Turn   | Place    | Note
-------+----------+-------------------------------------------
     0 | D:1      | EnegeticOcto the Deep Dwarf Fighter began the quest for the
                  | Orb.
     0 | D:1      | Reached XP level 1. HP: 20/20 MP: 1/1
    35 | D:1      | Reached XP level 2. HP: 27/27 MP: 2/2
   218 | D:2      | Reached XP level 3. HP: 25/34 MP: 3/3
   282 | D:2      | Reached skill level 1 in Dodging
   390 | D:2      | Found a snail-covered altar of Cheibriados.
   443 | D:3      | Killed from afar by an orc priest

Levels and vault maps discovered:
D:1:      saegor_arrival_simple_b, layout_basic, minmay_pentomino_t4
D:2:      layout_basic, overflow_temple_1_default
D:3:      minmay_diamond_boxcup, layout_loops_cross

Skill      XL: |  1  2  3 |
---------------+----------+-----
Fighting       | 3 |  3.2
Dodging        | 1 |  1.1
Axes           | 3 |  3.0
Armour         | |  3.5
Shields        | |  3.5

Action                   || total
-------------------------++-------
Melee: War axe           ||    76
 Abil: Heal Wounds       ||     2
Armor: Scale mail        ||    58
Dodge: Dodged            ||    33
Block: Kite shield       ||    55

Table legend:
 A = Non-vault XP
 B = Vault XP
 C = Vault XP percentage of total XP
 D = Non-vault monster count
 E = Vault monster count
 F = Vault count percentage of total count
                 A         B        C        D         E       F
            +---------+---------+-------+---------+---------+-------
      Total |      62 |       5 |   7.5 |      28 |       3 |   9.7
            +---------+---------+-------+---------+---------+-------
        D:1 |      24 |       5 |  17.2 |      15 |       3 |  16.7
        D:2 |      32 |       0 |   0.0 |      11 |       0 |   0.0
        D:3 |       6 |       0 |   0.0 |       2 |       0 |   0.0
            +---------+---------+-------+---------+---------+-------
